 Dungeon Crawl Stone Soup version 0.16-a0-715-g16937c4 (webtiles) character file.

64 PolkaDot the Sneak (level 3, -14/24 HPs)
             Began as a Vampire Enchanter on Sept 21, 2014.
             Demolished by Foahim's ghost (16 damage)
             ... on Level 3 of the Dungeon.
             The game lasted 00:07:33 (2468 turns).

PolkaDot the Sneak (Vampire Enchanter)              Turns: 2468, Time: 00:07:34

HP -14/24        AC  4     Str  7      XL: 3   Next: 91%
MP   3/6         EV 12     Int 18      God:
Gold 92          SH  0     Dex 14      Spells:  3 memorised,  0 levels left

rFire  + . .     SeeInvis +     a - +1 dagger
rCold  + + +     Clarity  +     b - +1 robe
rNeg   + + +     rCorr    +     (no shield)
rPois  +         rRot     +     (no helmet)
rElec  +         Spirit   .     (no cloak)
SustAb .         Warding  .     (no gloves)
rMut   .         Stasis   .     f - +0 pair of boots
Gourm  .                        (no amulet)
MR     .....                    (no ring)
                                (no ring)

@: resistant, bloodless, non-regenerating, not resistant to hostile
enchantments, stealthy
A: fangs 3, see invisible, clarity, unbreathing
a: Bat Form


You were on level 3 of the Dungeon.
You were bloodless.

You visited 1 branch of the dungeon, and saw 3 of its levels.

You collected 92 gold pieces.

Inventory:

Hand weapons
 a - a +1 dagger (weapon)
Armour
 b - a +1 robe (worn)
 f - a +0 pair of boots (worn)
Scrolls
 e - 2 scrolls of identify {unknown}
 g - a scroll of fog {unknown}
 i - a scroll of immolation {unknown}
 j - a scroll of noise {unknown}
 k - a scroll of enchant weapon {unknown}
 l - a scroll of teleportation {unknown}
Potions
 d - a potion of coagulated blood {@*1}
Books
 c - a book of Maledictions

   Spells                             Type                      Level
   *Corona                            Hexes                        1
   Sure Blade                         Hexes/Charms                 2
   *Ensorcelled Hibernation           Hexes/Ice                    2
   *Confuse                           Hexes                        3
   Dazzling Spray                     Conjuration/Hexes            3
   Enslavement                        Hexes                        4


   Skills:
 + Level 2.2 Short Blades
 - Level 2.1 Dodging
 + Level 5.3 Stealth
 - Level 2.0 Spellcasting
 * Level 5.3 Hexes
 - Level 1.2 Ice Magic


You couldn't memorise any spells.
You knew the following spells:

 Your Spells              Type           Power        Failure   Level  Hunger
a - Corona                Hex            ###....      1%          1    #......
c - Confuse               Hex            ###.....     10%         3    ####...
d - Ensorcelled Hibernat  Hex/Ice        ##....       10%         2    ##.....


Dungeon Overview and Level Annotations

Branches:
Dungeon (3/15)

Altars:
Okawaru
Sif Muna

Annotations:
D:2 exclusion: door
D:3 Foahim's ghost, average DrFi


Innate Abilities, Weirdness & Mutations

You do not heal naturally.
You have razor-sharp teeth.
You have supernaturally acute eyesight.
You can survive without breathing.
You possess an exceptional clarity of mind.


Message History

Press: ? - help, Shift-Dir - straight line, f/p - Foahim's ghost
Aim: Foahim's ghost (severely damaged) Foahim's ghost appears confused.
* * * LOW MAGIC WARNING * * *
You hit Foahim's ghost.
Foahim's ghost is severely damaged.
Foahim's ghost closely misses you.
You hit Foahim's ghost but do no damage.
Foahim's ghost is severely damaged.
You barely miss Foahim's ghost.
Foahim's ghost is severely damaged.
You hit Foahim's ghost but do no damage.
Foahim's ghost is severely damaged.
You hit Foahim's ghost.
Foahim's ghost is almost destroyed.
You hit Foahim's ghost.
Foahim's ghost is almost destroyed.
Foahim's ghost hits you!
Ouch! That really hurt!
You die...

#.##.# ####.##.#
...?....#
#........
..##..#.#
#.##..#.#
#.##..#.#
#.##<.#.######
#.##.@.......#
#....W#.####.#...
#####.#..%.......
##..#.####.####
#...#.#
#.#####..#.#
#..........#
#######..###
######.(#


You could see Foahim's ghost (confused).

Vanquished Creatures
  An adder (D:2)
  2 giant geckos
  2 oozes
  4 orcs (D:3)
  4 giant cockroaches (D:2)
  7 goblins
  7 hobgoblins
  2 jackals (D:2)
  A quokka (D:2)
  A ball python (D:1)
  4 bats
  3 giant newts
  5 kobolds (D:1)
  2 rats
45 creatures vanquished.

Notes
Turn   | Place    | Note
--------------------------------------------------------------
     0 | D:1      | PolkaDot, the Vampire Enchanter, began the quest for the Orb.
     0 | D:1      | Reached XP level 1. HP: 13/13 MP: 3/3
   280 | D:1      | Reached XP level 2. HP: 19/19 MP: 4/4
   293 | D:1      | Learned a level 2 spell: Ensorcelled Hibernation
   688 | D:1      | Reached skill level 1 in Ice Magic
  1061 | D:2      | Reached skill level 5 in Stealth
  1274 | D:2      | Reached XP level 3. HP: 24/24 MP: 6/6
  1533 | D:2      | Reached skill level 5 in Hexes
  1792 | D:2      | Found a deep blue altar of Sif Muna.
  2189 | D:2      | Found an iron altar of Okawaru.
  2422 | D:3      | Noticed Foahim's ghost (average DrFi)
  2431 | D:3      | Learned a level 3 spell: Confuse
  2457 | D:3      | Gained mutation: You possess an exceptional clarity of mind. [potion of beneficial mutation]
  2468 | D:3      | Demolished by Foahim's ghost

Action                   || total
-------------------------++-------
Melee: Dagger            ||   157
 Cast: Corona            ||     1
       Ensorcelled Hiber ||    12
       Confuse           ||     2
  Use: Potion            ||     2
 Stab: Sleeping          ||    20
       Confused          ||     2
